 Dungeon Crawl Stone Soup version 0.21.1-1-g345015f (webtiles) character file.

124151 tidbits the Covert (level 16, -9/111 HPs)
             Began as a Gnoll Enchanter on June 6, 2018.
             Was an Elder of Cheibriados.
             Mangled by a shambling mangrove (32 damage)
             ... on level 4 of the Swamp.
             The game lasted 01:59:36 (7366 turns).

tidbits the Covert (Gnoll Enchanter)                Turns: 7366, Time: 01:59:36

Health: -9/111     AC: 19    Str: 25    XL:     16   Next: 57%
Magic:  12/40      EV: 19    Int: 32    God:    Cheibriados [****..]
Gold:   924        SH:  8    Dex: 25    Spells: 15/38 levels left

rFire    + . .     SeeInvis .   R - +2 short sword (elec)
rCold    + . .     Gourm    .   D - +0 buckler of Narcissism {rN+} (curse)
rNeg     + . .     Faith    +   B - +4 troll leather armour
rPois    +         Spirit   .   E - +2 helmet of Nurogoq {MR- Regen+ Str+2 Slay+5}
rElec    +         Reflect  .   C - +2 cloak
rCorr    +         Harm     .   (no gloves)
MR       .....                  F - +1 pair of boots
Stlth    +++++.....             n - amulet of faith
HPRegen  1.48/turn              V - +5 ring of evasion
MPRegen  0.27/turn              T - ring of magical power

@: lethally poisoned (-9 -> -9), resistant, grasped by roots, very slightly
contaminated, very slow
A: distributed training, fangs 1, frail 1, regeneration 1, strong 1, strong nose
}: 1/15 runes: gossamer
a: Bend Time, Temporal Distortion, Slouch, Renounce Religion


You were on level 4 of the Swamp.
You worshipped Cheibriados.
Cheibriados was greatly pleased with you.
You were not hungry.

You visited 7 branches of the dungeon, and saw 27 of its levels.
You also visited: Ossuary.

You collected 1745 gold pieces.
You spent 821 gold pieces at shops.

Inventory:

Hand Weapons
 h - a +1 scimitar of flaming
   (You took it off Erica on level 9 of the Dungeon)
 p - a +0 dagger of holy wrath
   (You took it off an orc on level 9 of the Dungeon)
 y - a +0 morningstar of protection
   (You took it off Asterion on level 4 of the Spider Nest)
 L - a +0 war axe
 R - a +2 short sword of electrocution (weapon)
   (You took it off an orc priest on level 1 of the Orcish Mines)
Missiles
 i - 92 arrows
 I - 7 tomahawks (quivered)
Armour
 b - a +2 robe of magic resistance
   (You took it off an orc wizard on level 2 of the Orcish Mines)
 e - a +0 shield
 g - a +2 hat
 B - a +4 troll leather armour (worn)
 C - a +2 cloak (worn)
 D - the cursed +0 buckler of Narcissism (worn) {rN+}
   (You found it on level 9 of the Dungeon)

   It protects you from negative energy.
   It has a curse placed upon it.
 E - the +2 helmet of Nurogoq (worn) {MR- Regen+ Str+2 Slay+5}
   (You found it on level 10 of the Dungeon)

   It affects your strength (+2).
   It affects your accuracy and damage with ranged weapons and melee attacks
   (+5).
   It affects your resistance to hostile enchantments.
   It increases your rate of regeneration.
 F - a +1 pair of boots (worn)
 P - +0 swamp dragon scales
Magical Staves
 j - an uncursed staff of power {!a}
   (You found it on level 4 of the Lair of Beasts)
Jewellery
 n - an amulet of faith (around neck)
   (You found it on level 2 of the Spider Nest)
 q - a +3 ring of protection
   (You found it on level 4 of the Swamp)
 T - a ring of magical power (right hand)
   (You found it on level 4 of the Lair of Beasts)
 V - a +5 ring of evasion (left hand)
   (You found it on level 1 of the Lair of Beasts)
 W - an uncursed ring of wizardry
   (You found it on level 1 of the Swamp)
Wands
 u - a wand of paralysis (9)
 w - a wand of flame (12)
 J - a wand of polymorph (20)
 O - a wand of clouds (3)
 Z - a wand of enslavement (14)
Scrolls
 k - a scroll of fog
 l - 6 scrolls of enchant weapon
 o - 4 scrolls of remove curse
 s - 3 scrolls of immolation
 t - 7 scrolls of teleportation
 A - a scroll of summoning
 H - 2 scrolls of enchant armour
 K - a scroll of holy word
 S - 2 scrolls of magic mapping
 U - 2 scrolls of blinking
 X - 4 scrolls of amnesia
 Y - a scroll of brand weapon
Potions
 a - 4 potions of lignification {unknown}
 f - 2 potions of cancellation
 m - 6 potions of might
 r - a potion of magic
 x - 2 potions of brilliance
 z - 7 potions of ambrosia
 G - 3 potions of heal wounds
 N - 4 potions of flight
 Q - a potion of mutation {!q}
Books
 M - the Guide on the Igneous Glacier
   (You found it on level 6 of the Dungeon)

   Spells                             Type                      Level
   a - Throw Flame                    Conjuration/Fire             2
   b - Bolt of Fire                   Conjuration/Fire             6
   c - Simulacrum                     Ice/Necromancy               6
   d - Ozocubu's Refrigeration        Ice                          6
Miscellaneous
 d - a lamp of fire
Comestibles
 c - 30 rations


   Skills:
 + Level 10.7 Fighting
 + Level 11.0 Short Blades
 + Level 10.7 Long Blades
 + Level 10.7 Axes
 + Level 10.7 Maces & Flails
 + Level 10.7 Polearms
 + Level 10.7 Staves
 + Level 10.7 Slings
 + Level 10.7 Bows
 + Level 10.7 Crossbows
 + Level 10.7 Throwing
 + Level 10.7 Armour
 + Level 11.5 Dodging
 + Level 12.1 Stealth
 + Level 10.7 Shields
 + Level 10.7 Unarmed Combat
 + Level 11.7 Spellcasting
 + Level 9.1 Conjurations
 + Level 10.5 Hexes
 + Level 9.1 Charms
 + Level 9.1 Summonings
 + Level 9.1 Necromancy
 + Level 9.1 Translocations
 + Level 9.1 Transmutations
 + Level 9.1 Fire Magic
 + Level 9.1 Ice Magic
 + Level 9.1 Air Magic
 + Level 9.1 Earth Magic
 + Level 9.1 Poison Magic
 + Level 11.6 Invocations
 + Level 10.7 Evocations


You had 15 spell levels left.
You knew the following spells:

 Your Spells              Type           Power        Failure   Level  Hunger
a - Corona                Hex            ######.      1%          1    None
c - Confuse               Hex            ######..     1%          3    None
d - Dazzling Spray        Conj/Hex       ######       1%          3    None
e - Ensorcelled Hibernat  Hex/Ice        ######       1%          2    None
i - Summon Ice Beast      Ice/Summ       ######..     1%          4    None
C - Simulacrum            Ice/Necr       ######....   10%         6    ####...
L - Summon Lightning Spi  Summ/Air       ######..     1%          4    None


Dungeon Overview and Level Annotations

Branches:
Dungeon (10/15)            Temple (1/1) D:6            Lair (5/6) D:9
  Swamp (4/4) Lair:2       Spider (4/4) Lair:4          Orc (2/2) D:9
    Elf (1/3) Orc:2
  Slime: Lair:5-6

Altars:
Ashenzari
Cheibriados
Dithmenos
Elyvilon
Fedhas
Hepliaklqana
Kikubaaqudgha
Makhleb
Nemelex Xobeh
Okawaru
Ru
Sif Muna
Xom
Yredelemnul
Zin
The Shining One

Shops:
D:4 *[   Orc:2 **[*


Innate Abilities, Weirdness & Mutations

Your experience applies equally to all skills.
You have very sharp teeth.
Your uncanny sense of smell can sniff out nearby items.
You are frail. (-10% HP)
Your natural rate of healing is unusually fast.
Your muscles are strong. (Str +2)


Message History

You hit the swamp drake.
Lightning courses through the swamp drake!
You kill the swamp drake!
Cheibriados thoroughly appreciates the change of pace.
The thorn hunter completely misses you. You block the thorn hunter's attack.
Press: ? - help, v - describe, . - travel
Here: a thorn hunter The floor.
Evoke which item? (* to show all) (? for menu, Esc to quit)
Aiming: Throw Flame
Press: ? - help, Shift-Dir - straight line, f - thorn hunter
Aim: a thorn hunter The puff of flame hits the thorn hunter.
The thorn hunter is burned terribly!
The thorn hunter is lightly damaged.
You feel sick. The thorn hunter barely misses you.
You block the thorn hunter's attack.
Evoke which item? (* to show all) (? for menu, Esc to quit)
Aiming: Throw Flame
Press: ? - help, Shift-Dir - straight line, f/p - thorn hunter
Aim: a thorn hunter (lightly damaged)
The puff of flame hits the thorn hunter.
The thorn hunter is burned terribly!
The thorn hunter is moderately damaged.
The thorn hunter gestures.
Evoke which item? (* to show all) (? for menu, Esc to quit)
Aiming: Throw Flame
Press: ? - help, Shift-Dir - straight line, f/p - thorn hunter
Aim: a thorn hunter (moderately damaged)
The puff of flame misses the thorn hunter.
You feel sick. The thorn hunter closely misses you.
The thorn hunter completely misses you.
Evoke which item? (* to show all) (? for menu, Esc to quit)
Aiming: Throw Flame
Press: ? - help, Shift-Dir - straight line, f/p - thorn hunter
Aim: a thorn hunter (moderately damaged)
The puff of flame hits the thorn hunter.
The thorn hunter is moderately damaged.
The thorn hunter hits you but does no damage.
The thorn hunter completely misses you.
A shambling mangrove comes into view.
You can feel time thicken for a moment.
You feel somewhat more hungry.
You can no longer step out of the time flow.
Cheibriados lowers the support of your attributes as your movement quickens.
You feel sick. The thorn hunter hits you. You block the thorn hunter's attack.
The thorn hunter completely misses you. The thorn hunter hits you!
The shambling mangrove reaches out with a gnarled limb.
Grasping roots rise from the ground around the shambling mangrove!
Unknown command.
Evoke which item? (* to show all) (? for menu, Esc to quit)
Aiming: Throw Flame
Press: ? - help, Shift-Dir - straight line, f/p - thorn hunter
Aim: a thorn hunter (heavily damaged)
The puff of flame misses the thorn hunter.
Roots grasp at your feet, making movement difficult.
The thorn hunter completely misses you.
The thorn hunter hits you but does no damage.
Evoke which item? (* to show all) (? for menu, Esc to quit)
Aiming: Throw Flame
Press: ? - help, Shift-Dir - straight line, f/p - thorn hunter
Aim: a thorn hunter (heavily damaged)
The puff of flame misses the thorn hunter.
The thorn hunter hits you. The thorn hunter misses you.
Unknown command.
Evoke which item? (* to show all) (? for menu, Esc to quit)
Aiming: Throw Flame
Press: ? - help, Shift-Dir - straight line, f/p - thorn hunter
Aim: a thorn hunter (heavily damaged)
The puff of flame hits the thorn hunter.
The thorn hunter is burned terribly!
The thorn hunter is heavily damaged.
You feel sick. The thorn hunter hits you!! The thorn hunter hits you!
Unknown command.
Evoke which item? (* to show all) (? for menu, Esc to quit)
Aiming: Throw Flame
Press: ? - help, Shift-Dir - straight line, f - shambling mangrove, p - thorn hunter
Aim: a shambling mangrove (water, lightly damaged)
The puff of flame hits the shambling mangrove.
The shambling mangrove is lightly damaged.
The thorn hunter closely misses you. The thorn hunter hits you!
The shambling mangrove is engulfed in a cloud of scalding steam.
The shambling mangrove hits you!!
* * * LOW HITPOINT WARNING * * *
Unknown command.
You puncture the thorn hunter!
The thorn hunter is severely damaged.
The swamp drake seems less confused.
You block the thorn hunter's attack. The thorn hunter hits you!
* * * LOW HITPOINT WARNING * * *
You can feel time thicken for a moment.
You kill the swamp drake!
Cheibriados thoroughly appreciates the change of pace.
You feel somewhat more hungry.
Cheibriados lowers the support of your attributes as your movement quickens.
You feel sick. The thorn hunter hits you!
* * * LOW HITPOINT WARNING * * *
You block the thorn hunter's attack.
The shambling mangrove is engulfed in a cloud of scalding steam.
The shambling mangrove hits you!!
You die...

∆ ##### #####
#♣.≈≈†♣♣≈≈≈♣#
#.≈..≈≈...§≈♣#
..##(ff##§.†♣###
♣≈≈@##....≈≈#
#≈.≈.≈##..#f≈≈#
.≈#..≈≈≈≈.#≈.##≈.#
≈≈##.≈..≈##≈)# ≈.#
#≈.##.φ.##..## ♣#
#.≈#####..##
#†.♣♣♣.≈##
#≈≈≈§≈## ##.≈.##


You could see a thorn hunter and a shambling mangrove.

Vanquished Creatures
  Arachne (Spider:4)
  Asterion (Spider:4)
  Agnes (Spider:3)
  A thorn hunter (Swamp:4)
  2 ghost moths (Spider:4)
  Aizul (Swamp:4)
  6 emperor scorpions (Spider:4)
  3 entropy weavers
  A spark wasp (Spider:2)
  The ghost of tidbits the Covert, a journeyman GnEn of Cheibriados (Orc:2)
  2 ghost crabs (Swamp:2)
  7 hydras
  Erica (D:9)
  4 two-headed ogres
  A death yak (Lair:2)
  A spriggan (Swamp:3)
  An orc high priest (Orc:2)
  A spriggan druid (Swamp:2)
  3 swamp dragons
  2 shambling mangroves
  Pikel (D:9)
  The ghost of Emmsii the Chopper, a novice MiFi of Trog (D:7)
  An orc knight (Orc:1)
  24 wolf spiders
  17 orb spiders
  4 orc sorcerers (Orc:2)
  3 moths of wrath
  Joseph (D:8)
  2 black mambas
  Psyche (D:9)
  8 spiny frogs
  2 torpor snails
  14 demonic crawlers
  2 komodo dragons
  The ghost of poirepourri the Thaumaturge, a novice DECj (D:6)
  2 trolls
  21 jumping spiders
  2 tyrant leeches
  5 hornets
  12 blink frogs
  5 bog bodies
  5 hippogriffs
  77 redbacks
  A shadow (Swamp:1)
  32 tarantellas
  A wraith (Ossuary)
  38 yaks
  3 basilisks
  7 vampire mosquitoes (Swamp:4)
  4 wargs (Orc:1)
  5 insubstantial wisps (Lair:2)
  4 swamp worms
  5 water moccasins
  2 hell hounds (D:9)
  2 sky beasts
  Duvessa (D:5)
  4 porcupines
  7 swamp drakes
  An ice beast (D:8)
  14 orc warriors
  4 slaves
  6 wolves (Lair:2)
  The ghost of Alter the Chopper, an amateur DsGl (D:3)
  9 ogres
  2 centaurs
  5 crocodiles
  13 bullfrogs
  A gnoll sergeant (D:9)
  A wyvern zombie (D:8)
  A wyvern skeleton (D:5)
  Dowan (D:5)
  2 scorpions
  3 electric eels
  2 howler monkeys
  4 jellies
  Crazy Yiuf (D:4)
  18 orc priests
  A crimson imp (D:7)
  2 hounds
  24 orc wizards
  5 worker ants
  2 hound skeletons
  A mummy (Ossuary)
  Robin (D:4)
  4 gnolls
  2 adders (D:2)
  A shadow imp (D:8)
  An ooze (D:2)
  An adder skeleton (D:9)
  4 worms
  3 leopard geckos
  48 orcs
  A giant cockroach (D:6)
  9 hobgoblins
  7 jackals
  A ball python (D:5)
  A bat (D:1)
  2 frilled lizards (D:3)
  3 gnoll skeletons (Ossuary)
  10 goblins
  7 kobolds
  4 kobold skeletons (Ossuary)
  10 orc skeletons (Ossuary)
  A quokka skeleton (D:8)
  A quokka zombie (D:6)
  A rat (D:3)
615 creatures vanquished.

Vanquished Creatures (collateral kills)
  2 hydras (Swamp:4)
  2 alligators (Swamp:4)
  A spriggan berserker (Swamp:4)
  5 swamp dragons (Swamp:4)
  A hornet (Swamp:4)
  3 bog bodies (Swamp:4)
  A swamp drake (Swamp:4)
  A bullfrog skeleton (D:9)
  A gnoll (D:9)
17 creatures vanquished.

Vanquished Creatures (others)
  2 hydras
  A yak (D:8)
  2 orcs
  A fungus (Lair:2)
  A plant (Lair:2)
7 creatures vanquished.

Grand Total: 639 creatures vanquished

Notes
Turn   | Place    | Note
-------+----------+-------------------------------------------
     0 | D:1      | tidbits the Gnoll Enchanter began the quest for the Orb.
     0 | D:1      | Reached XP level 1. HP: 13/13 MP: 6/6
    73 | D:2      | Reached XP level 2. HP: 19/19 MP: 7/7
    97 | D:2      | Learned a level 2 spell: Ensorcelled Hibernation
   433 | D:2      | Reached skill level 5 in Spellcasting
   433 | D:2      | Reached XP level 3. HP: 23/25 MP: 7/9
   440 | D:2      | Learned a level 3 spell: Confuse
   444 | D:2      | Learned a level 3 spell: Dazzling Spray
   452 | D:2      | Found a white marble altar of Elyvilon.
   462 | D:2      | Reached skill level 6 in Stealth
   462 | D:2      | Reached skill level 1 in Invocations
   559 | D:3      | Noticed Alter's ghost (amateur DsGl)
   577 | D:3      | Killed Alter's ghost
   577 | D:3      | Reached skill level 1 in Fighting
   577 | D:3      | Reached skill level 1 in Long Blades
   577 | D:3      | Reached skill level 1 in Axes
   577 | D:3      | Reached skill level 1 in Maces & Flails
   577 | D:3      | Reached skill level 1 in Polearms
   577 | D:3      | Reached skill level 1 in Staves
   577 | D:3      | Reached skill level 1 in Slings
   577 | D:3      | Reached skill level 1 in Bows
   577 | D:3      | Reached skill level 1 in Crossbows
   577 | D:3      | Reached skill level 1 in Throwing
   577 | D:3      | Reached skill level 1 in Armour
   577 | D:3      | Reached skill level 1 in Shields
   577 | D:3      | Reached skill level 1 in Unarmed Combat
   577 | D:3      | Reached skill level 1 in Conjurations
   577 | D:3      | Reached skill level 1 in Charms
   577 | D:3      | Reached skill level 1 in Summonings
   577 | D:3      | Reached skill level 1 in Necromancy
   577 | D:3      | Reached skill level 1 in Translocations
   577 | D:3      | Reached skill level 1 in Transmutations
   577 | D:3      | Reached skill level 1 in Fire Magic
   577 | D:3      | Reached skill level 1 in Ice Magic
   577 | D:3      | Reached skill level 1 in Air Magic
   577 | D:3      | Reached skill level 1 in Earth Magic
   577 | D:3      | Reached skill level 1 in Poison Magic
   577 | D:3      | Reached skill level 1 in Evocations
   577 | D:3      | Reached XP level 4. HP: 22/32 MP: 3/11
   577 | D:3      | Reached XP level 5. HP: 26/37 MP: 3/12
   606 | D:2      | Found a shattered altar of Ashenzari.
   685 | D:4      | Found Acuth's General Store.
   685 | D:4      | Noticed Robin
   686 | D:4      | Killed Robin
   712 | D:4      | Reached skill level 3 in Short Blades
   865 | D:4      | Reached XP level 6. HP: 44/44 MP: 4/13
   906 | D:4      | Reached skill level 2 in Invocations
   962 | D:5      | Entered Level 5 of the Dungeon
   982 | D:5      | Reached skill level 2 in Fighting
   982 | D:5      | Reached skill level 2 in Long Blades
   982 | D:5      | Reached skill level 2 in Axes
   982 | D:5      | Reached skill level 2 in Maces & Flails
   982 | D:5      | Reached skill level 2 in Polearms
   982 | D:5      | Reached skill level 2 in Staves
   982 | D:5      | Reached skill level 2 in Slings
   982 | D:5      | Reached skill level 2 in Bows
   982 | D:5      | Reached skill level 2 in Crossbows
   982 | D:5      | Reached skill level 2 in Throwing
   982 | D:5      | Reached skill level 2 in Armour
   982 | D:5      | Reached skill level 5 in Dodging
   982 | D:5      | Reached skill level 2 in Shields
   982 | D:5      | Reached skill level 2 in Unarmed Combat
   982 | D:5      | Reached skill level 2 in Evocations
   997 | D:5      | Found a shimmering altar of Xom.
  1013 | D:5      | Noticed Dowan
  1016 | D:5      | Noticed Duvessa
  1033 | D:5      | Killed Dowan
  1082 | D:5      | Found a sacrificial altar of Ru.
  1082 | D:5      | Found an ancient bone altar of Kikubaaqudgha.
  1235 | D:4      | Reached XP level 7. HP: 43/50 MP: 15/15
  1247 | D:4      | Found Firech's Armour Shoppe.
  1279 | D:4      | Found a runed door.
  1283 | D:4      | Noticed Crazy Yiuf
  1287 | D:4      | Killed Crazy Yiuf
  1336 | D:5      | Found a sacrificial altar of Ru.
  1428 | D:5      | Reached skill level 2 in Conjurations
  1428 | D:5      | Reached skill level 2 in Charms
  1428 | D:5      | Reached skill level 2 in Summonings
  1428 | D:5      | Reached skill level 2 in Necromancy
  1428 | D:5      | Reached skill level 2 in Translocations
  1428 | D:5      | Reached skill level 2 in Transmutations
  1428 | D:5      | Reached skill level 2 in Fire Magic
  1428 | D:5      | Reached skill level 2 in Ice Magic
  1428 | D:5      | Reached skill level 2 in Air Magic
  1428 | D:5      | Reached skill level 2 in Earth Magic
  1428 | D:5      | Reached skill level 2 in Poison Magic
  1439 | D:5      | Killed Duvessa
  1478 | D:6      | Found a staircase to the Ecumenical Temple.
  1490 | Temple   | Entered the Ecumenical Temple
  1521 | Temple   | Became a worshipper of Cheibriados the Contemplative
  1580 | Temple   | Reached skill level 3 in Invocations
  1628 | D:6      | Reached XP level 8. HP: 21/57 MP: 16/16
  1631 | D:6      | Reached skill level 6 in Hexes
  1650 | D:6      | Identified the Guide on the Igneous Glacier
  1684 | D:7      | Noticed Emmsii's ghost (novice MiFi)
  1693 | D:7      | Reached skill level 3 in Fighting
  1693 | D:7      | Reached skill level 4 in Short Blades
  1693 | D:7      | Reached skill level 3 in Long Blades
  1693 | D:7      | Reached skill level 3 in Axes
  1693 | D:7      | Reached skill level 3 in Maces & Flails
  1693 | D:7      | Reached skill level 3 in Polearms
  1693 | D:7      | Reached skill level 3 in Staves
  1693 | D:7      | Reached skill level 3 in Slings
  1693 | D:7      | Reached skill level 3 in Bows
  1693 | D:7      | Reached skill level 3 in Crossbows
  1693 | D:7      | Reached skill level 3 in Throwing
  1693 | D:7      | Reached skill level 3 in Armour
  1693 | D:7      | Reached skill level 3 in Shields
  1693 | D:7      | Reached skill level 3 in Unarmed Combat
  1693 | D:7      | Reached skill level 3 in Evocations
  1732 | D:6      | Reached skill level 6 in Spellcasting
  1830 | D:6      | Found a sand-covered staircase.
  1840 | Ossuary  | Entered an ossuary
  1840 | Ossuary  | Noticed a wraith
  1840 | Ossuary  | Noticed a wraith
  1840 | Ossuary  | Noticed a wraith
  1861 | Ossuary  | Reached * piety under Cheibriados
  1898 | Ossuary  | Noticed a wraith
  1947 | Ossuary  | Killed a wraith
  1947 | Ossuary  | Reached skill level 7 in Stealth
  2020 | D:6      | Noticed poirepourri's ghost (novice DECj)
  2033 | D:6      | Killed poirepourri's ghost
  2033 | D:6      | Reached skill level 6 in Dodging
  2033 | D:6      | Reached skill level 3 in Conjurations
  2033 | D:6      | Reached skill level 3 in Charms
  2033 | D:6      | Reached skill level 3 in Summonings
  2033 | D:6      | Reached skill level 3 in Necromancy
  2033 | D:6      | Reached skill level 3 in Translocations
  2033 | D:6      | Reached skill level 3 in Transmutations
  2033 | D:6      | Reached skill level 3 in Fire Magic
  2033 | D:6      | Reached skill level 3 in Ice Magic
  2033 | D:6      | Reached skill level 3 in Air Magic
  2033 | D:6      | Reached skill level 3 in Earth Magic
  2033 | D:6      | Reached skill level 3 in Poison Magic
  2033 | D:6      | Reached skill level 4 in Invocations
  2033 | D:6      | Reached XP level 9. HP: 65/65 MP: 13/18
  2069 | D:7      | Found a glowing golden altar of the Shining One.
  2244 | D:7      | Reached skill level 4 in Fighting
  2244 | D:7      | Reached skill level 4 in Long Blades
  2244 | D:7      | Reached skill level 4 in Axes
  2244 | D:7      | Reached skill level 4 in Maces & Flails
  2244 | D:7      | Reached skill level 4 in Polearms
  2244 | D:7      | Reached skill level 4 in Staves
  2244 | D:7      | Reached skill level 4 in Slings
  2244 | D:7      | Reached skill level 4 in Bows
  2244 | D:7      | Reached skill level 4 in Crossbows
  2244 | D:7      | Reached skill level 4 in Throwing
  2244 | D:7      | Reached skill level 4 in Armour
  2244 | D:7      | Reached skill level 4 in Shields
  2244 | D:7      | Reached skill level 4 in Unarmed Combat
  2244 | D:7      | Reached skill level 4 in Evocations
  2255 | D:7      | Found a shadowy altar of Dithmenos.
  2289 | D:7      | Reached ** piety under Cheibriados
  2323 | D:7      | Killed Emmsii's ghost
  2323 | D:7      | Reached skill level 5 in Short Blades
  2554 | D:8      | Noticed Joseph
  2567 | D:8      | Killed Joseph
  2567 | D:8      | Reached skill level 5 in Invocations
  2577 | D:8      | Noticed a two-headed ogre
  2586 | D:8      | Killed a two-headed ogre
  2586 | D:8      | Reached skill level 7 in Spellcasting
  2586 | D:8      | Reached skill level 4 in Conjurations
  2586 | D:8      | Reached skill level 4 in Charms
  2586 | D:8      | Reached skill level 4 in Summonings
  2586 | D:8      | Reached skill level 4 in Necromancy
  2586 | D:8      | Reached skill level 4 in Translocations
  2586 | D:8      | Reached skill level 4 in Transmutations
  2586 | D:8      | Reached skill level 4 in Fire Magic
  2586 | D:8      | Reached skill level 4 in Ice Magic
  2586 | D:8      | Reached skill level 4 in Air Magic
  2586 | D:8      | Reached skill level 4 in Earth Magic
  2586 | D:8      | Reached skill level 4 in Poison Magic
  2586 | D:8      | Reached XP level 10. HP: 61/73 MP: 6/20
  2628 | D:8      | Reached skill level 5 in Fighting
  2628 | D:8      | Reached skill level 5 in Long Blades
  2628 | D:8      | Reached skill level 5 in Axes
  2628 | D:8      | Reached skill level 5 in Maces & Flails
  2628 | D:8      | Reached skill level 5 in Polearms
  2628 | D:8      | Reached skill level 5 in Staves
  2628 | D:8      | Reached skill level 5 in Slings
  2628 | D:8      | Reached skill level 5 in Bows
  2628 | D:8      | Reached skill level 5 in Crossbows
  2628 | D:8      | Reached skill level 5 in Throwing
  2628 | D:8      | Reached skill level 5 in Armour
  2628 | D:8      | Reached skill level 5 in Shields
  2628 | D:8      | Reached skill level 5 in Unarmed Combat
  2628 | D:8      | Reached skill level 5 in Evocations
  2641 | D:8      | Reached skill level 7 in Hexes
  2648 | D:8      | Reached skill level 8 in Stealth
  2652 | D:8      | Reached skill level 7 in Dodging
  2701 | D:9      | Noticed Pikel
  2721 | D:8      | Noticed a two-headed ogre
  2728 | D:8      | Killed a two-headed ogre
  2728 | D:8      | Reached skill level 6 in Short Blades
  2825 | D:9      | Found a staircase to the Lair.
  2854 | D:9      | Reached skill level 6 in Invocations
  2863 | D:9      | Reached *** piety under Cheibriados
  2925 | D:9      | Found a staircase to the Orcish Mines.
  2926 | D:9      | Noticed Psyche
  2933 | D:9      | Killed Psyche
  2953 | D:9      | Noticed Erica
  2972 | D:9      | HP: 6/75 [hell hound (7)]
  3005 | D:9      | Killed Erica
  3005 | D:9      | Reached XP level 11. HP: 49/81 MP: 0/22
  3040 | Orc:1    | Entered Level 1 of the Orcish Mines
  3057 | Orc:1    | Reached **** piety under Cheibriados
  3136 | Orc:1    | Noticed an orc knight
  3145 | Orc:1    | Reached skill level 6 in Fighting
  3145 | Orc:1    | Reached skill level 6 in Long Blades
  3145 | Orc:1    | Reached skill level 6 in Axes
  3145 | Orc:1    | Reached skill level 6 in Maces & Flails
  3145 | Orc:1    | Reached skill level 6 in Polearms
  3145 | Orc:1    | Reached skill level 6 in Staves
  3145 | Orc:1    | Reached skill level 6 in Slings
  3145 | Orc:1    | Reached skill level 6 in Bows
  3145 | Orc:1    | Reached skill level 6 in Crossbows
  3145 | Orc:1    | Reached skill level 6 in Throwing
  3145 | Orc:1    | Reached skill level 6 in Armour
  3145 | Orc:1    | Reached skill level 6 in Shields
  3145 | Orc:1    | Reached skill level 6 in Unarmed Combat
  3145 | Orc:1    | Reached skill level 6 in Evocations
  3199 | Orc:2    | Entered Level 2 of the Orcish Mines
  3230 | Orc:2    | Noticed a two-headed ogre
  3242 | Orc:2    | Killed a two-headed ogre
  3242 | Orc:2    | Reached skill level 8 in Spellcasting
  3242 | Orc:2    | Reached skill level 5 in Conjurations
  3242 | Orc:2    | Reached skill level 5 in Charms
  3242 | Orc:2    | Reached skill level 5 in Summonings
  3242 | Orc:2    | Reached skill level 5 in Necromancy
  3242 | Orc:2    | Reached skill level 5 in Translocations
  3242 | Orc:2    | Reached skill level 5 in Transmutations
  3242 | Orc:2    | Reached skill level 5 in Fire Magic
  3242 | Orc:2    | Reached skill level 5 in Ice Magic
  3242 | Orc:2    | Reached skill level 5 in Air Magic
  3242 | Orc:2    | Reached skill level 5 in Earth Magic
  3242 | Orc:2    | Reached skill level 5 in Poison Magic
  3268 | Orc:2    | Noticed tidbits's ghost (journeyman GnEn)
  3285 | Orc:2    | Killed tidbits's ghost
  3308 | Orc:1    | Killed an orc knight
  3322 | Orc:1    | Reached skill level 7 in Invocations
  3377 | Orc:2    | Found a staircase to the Elven Halls.
  3420 | Elf:1    | Entered Level 1 of the Elven Halls
  3420 | Elf:1    | Noticed a deep elf mage
  3420 | Elf:1    | Noticed a deep elf mage
  3420 | Elf:1    | Noticed a deep elf mage
  3420 | Elf:1    | Noticed a trident of protection
  3420 | Elf:1    | Noticed a deep elf mage
  3442 | Orc:2    | Reached skill level 7 in Short Blades
  3442 | Orc:2    | Reached skill level 8 in Dodging
  3562 | Orc:2    | Noticed an orc sorcerer
  3570 | Orc:2    | Killed an orc sorcerer
  3576 | Orc:2    | Reached skill level 9 in Stealth
  3582 | Orc:2    | Noticed an orc sorcerer
  3590 | Orc:2    | Killed an orc sorcerer
  3594 | Orc:2    | Noticed an orc high priest
  3607 | Orc:2    | Noticed a soul eater
  3607 | Orc:2    | Killed an orc high priest
  3646 | Orc:2    | Reached XP level 12. HP: 55/89 MP: 7/24
  3690 | Orc:2    | Reached ***** piety under Cheibriados
  3704 | Orc:2    | Reached skill level 8 in Hexes
  3730 | Orc:2    | Found Veosofo's Assorted Antiques.
  3730 | Orc:2    | Found Gotiacekk's Assorted Antiques.
  3736 | Orc:2    | HP: 7/89 [orc wizard/puff of frost (6)]
  3739 | Orc:2    | Found Wasick's Armour Boutique.
  3739 | Orc:2    | Found Busch's General Store.
  3752 | Orc:2    | HP: 6/89 [orc wizard/magic dart (7)]
  3797 | Orc:2    | Bought a scroll labeled HOF KIMEFRUSIPN for 27 gold pieces
  3797 | Orc:2    | Bought a grey potion for 24 gold pieces
  3798 | Orc:2    | Bought a scroll labeled DALAICWIDASM for 33 gold pieces
  3798 | Orc:2    | Bought a scroll labeled FIROUTE YDAI for 33 gold pieces
  3799 | Orc:2    | Bought a wand of paralysis (18) for 220 gold pieces
  3800 | Orc:2    | Bought a +2 troll leather armour for 459 gold pieces
  3800 | Orc:2    | Bought a cursed +0 buckler for 25 gold pieces
  3888 | D:10     | Entered Level 10 of the Dungeon
  3896 | D:10     | Got a faintly humming helmet
  3910 | D:10     | Identified the +2 helmet of Nurogoq {MR- Regen+ Str+2 Slay+5} (You found it on level 10 of the Dungeon)
  3915 | D:10     | Noticed a two-headed ogre
  3919 | D:10     | Killed a two-headed ogre
  3948 | D:9      | Killed Pikel
  3948 | D:9      | Reached skill level 7 in Fighting
  3948 | D:9      | Reached skill level 7 in Long Blades
  3948 | D:9      | Reached skill level 7 in Axes
  3948 | D:9      | Reached skill level 7 in Maces & Flails
  3948 | D:9      | Reached skill level 7 in Polearms
  3948 | D:9      | Reached skill level 7 in Staves
  3948 | D:9      | Reached skill level 7 in Slings
  3948 | D:9      | Reached skill level 7 in Bows
  3948 | D:9      | Reached skill level 7 in Crossbows
  3948 | D:9      | Reached skill level 7 in Throwing
  3948 | D:9      | Reached skill level 7 in Armour
  3948 | D:9      | Reached skill level 7 in Shields
  3948 | D:9      | Reached skill level 7 in Unarmed Combat
  3948 | D:9      | Reached skill level 7 in Evocations
  3970 | D:9      | Got a twisted buckler
  3976 | D:9      | Identified the cursed +0 buckler of Narcissism {rN+} (You found it on level 9 of the Dungeon)
  3997 | Lair:1   | Entered Level 1 of the Lair of Beasts
  4120 | Lair:1   | Gained mutation: You are frail. (-10% HP) [potion of mutation]
  4120 | Lair:1   | Gained mutation: Your muscles are strong. (Str +2) [potion of mutation]
  4120 | Lair:1   | Gained mutation: Your natural rate of healing is unusually fast. [potion of mutation]
  4212 | Lair:2   | Reached skill level 6 in Conjurations
  4212 | Lair:2   | Reached skill level 6 in Charms
  4212 | Lair:2   | Reached skill level 6 in Summonings
  4212 | Lair:2   | Reached skill level 6 in Necromancy
  4212 | Lair:2   | Reached skill level 6 in Translocations
  4212 | Lair:2   | Reached skill level 6 in Transmutations
  4212 | Lair:2   | Reached skill level 6 in Fire Magic
  4212 | Lair:2   | Reached skill level 6 in Ice Magic
  4212 | Lair:2   | Reached skill level 6 in Air Magic
  4212 | Lair:2   | Reached skill level 6 in Earth Magic
  4212 | Lair:2   | Reached skill level 6 in Poison Magic
  4296 | Lair:2   | Reached skill level 8 in Invocations
  4314 | Lair:2   | Noticed a six-headed hydra
  4322 | Lair:2   | Killed a six-headed hydra
  4322 | Lair:2   | Reached skill level 9 in Spellcasting
  4390 | Lair:2   | Noticed a death yak
  4399 | Lair:2   | Killed a death yak
  4399 | Lair:2   | Reached skill level 8 in Short Blades
  4436 | Lair:2   | Reached skill level 9 in Dodging
  4481 | Lair:3   | Reached XP level 13. HP: 88/88 MP: 13/26
  4818 | Lair:4   | Found a hole to the Spider Nest.
  4844 | Lair:4   | Reached skill level 10 in Stealth
  4862 | Lair:4   | Reached skill level 8 in Fighting
  4862 | Lair:4   | Reached skill level 8 in Long Blades
  4862 | Lair:4   | Reached skill level 8 in Axes
  4862 | Lair:4   | Reached skill level 8 in Maces & Flails
  4862 | Lair:4   | Reached skill level 8 in Polearms
  4862 | Lair:4   | Reached skill level 8 in Staves
  4862 | Lair:4   | Reached skill level 8 in Slings
  4862 | Lair:4   | Reached skill level 8 in Bows
  4862 | Lair:4   | Reached skill level 8 in Crossbows
  4862 | Lair:4   | Reached skill level 8 in Throwing
  4862 | Lair:4   | Reached skill level 8 in Armour
  4862 | Lair:4   | Reached skill level 8 in Shields
  4862 | Lair:4   | Reached skill level 8 in Unarmed Combat
  4862 | Lair:4   | Reached skill level 8 in Evocations
  4870 | Spider:1 | Entered Level 1 of the Spider Nest
  4890 | Spider:1 | Reached ****** piety under Cheibriados
  4934 | Spider:1 | Reached skill level 9 in Invocations
  4992 | Spider:1 | Reached skill level 7 in Conjurations
  4992 | Spider:1 | Reached skill level 9 in Hexes
  4992 | Spider:1 | Reached skill level 7 in Charms
  4992 | Spider:1 | Reached skill level 7 in Summonings
  4992 | Spider:1 | Reached skill level 7 in Necromancy
  4992 | Spider:1 | Reached skill level 7 in Translocations
  4992 | Spider:1 | Reached skill level 7 in Transmutations
  4992 | Spider:1 | Reached skill level 7 in Fire Magic
  4992 | Spider:1 | Reached skill level 7 in Ice Magic
  4992 | Spider:1 | Reached skill level 7 in Air Magic
  4992 | Spider:1 | Reached skill level 7 in Earth Magic
  4992 | Spider:1 | Reached skill level 7 in Poison Magic
  5080 | Spider:1 | Reached skill level 9 in Short Blades
  5157 | Spider:2 | Reached skill level 10 in Spellcasting
  5157 | Spider:2 | Reached XP level 14. HP: 44/95 MP: 28/28
  5162 | Spider:2 | Noticed an entropy weaver
  5250 | Spider:3 | Reached skill level 10 in Dodging
  5271 | Spider:4 | Entered Level 4 of the Spider Nest
  5271 | Spider:4 | Noticed an entropy weaver
  5273 | Spider:4 | Killed an entropy weaver
  5288 | Spider:4 | Reached skill level 9 in Fighting
  5288 | Spider:4 | Reached skill level 9 in Long Blades
  5288 | Spider:4 | Reached skill level 9 in Axes
  5288 | Spider:4 | Reached skill level 9 in Maces & Flails
  5288 | Spider:4 | Reached skill level 9 in Polearms
  5288 | Spider:4 | Reached skill level 9 in Staves
  5288 | Spider:4 | Reached skill level 9 in Slings
  5288 | Spider:4 | Reached skill level 9 in Bows
  5288 | Spider:4 | Reached skill level 9 in Crossbows
  5288 | Spider:4 | Reached skill level 9 in Throwing
  5288 | Spider:4 | Reached skill level 9 in Armour
  5288 | Spider:4 | Reached skill level 9 in Shields
  5288 | Spider:4 | Reached skill level 9 in Unarmed Combat
  5288 | Spider:4 | Reached skill level 9 in Evocations
  5296 | Spider:4 | Noticed Arachne
  5449 | Spider:2 | Killed an entropy weaver
  5449 | Spider:2 | Reached skill level 10 in Invocations
  5577 | Spider:3 | Noticed Agnes
  5584 | Spider:3 | Killed Agnes
  5584 | Spider:3 | Reached skill level 11 in Stealth
  5766 | Spider:4 | Killed Arachne
  5766 | Spider:4 | Reached skill level 8 in Conjurations
  5766 | Spider:4 | Reached skill level 8 in Charms
  5766 | Spider:4 | Reached skill level 8 in Summonings
  5766 | Spider:4 | Reached skill level 8 in Necromancy
  5766 | Spider:4 | Reached skill level 8 in Translocations
  5766 | Spider:4 | Reached skill level 8 in Transmutations
  5766 | Spider:4 | Reached skill level 8 in Fire Magic
  5766 | Spider:4 | Reached skill level 8 in Ice Magic
  5766 | Spider:4 | Reached skill level 8 in Air Magic
  5766 | Spider:4 | Reached skill level 8 in Earth Magic
  5766 | Spider:4 | Reached skill level 8 in Poison Magic
  5766 | Spider:4 | Reached XP level 15. HP: 102/102 MP: 29/29
  5795 | Spider:4 | Reached skill level 10 in Short Blades
  5806 | Spider:4 | Killed a ghost moth
  5845 | Spider:4 | Killed a ghost moth
  5947 | Spider:4 | Noticed Asterion
  5953 | Spider:4 | Noticed an Executioner
  5957 | Spider:4 | Noticed an Executioner
  5963 | Spider:4 | Killed Asterion
  5965 | Spider:4 | Reached skill level 11 in Spellcasting
  5971 | Spider:4 | HP: 6/103 [wolf spider (9)]
  5976 | Spider:4 | HP: 7/103 [poisoned by a redback]
  6023 | Spider:4 | Reached skill level 10 in Hexes
  6063 | Spider:4 | Got a clouded garnet amulet
  6087 | Spider:4 | Noticed an emperor scorpion
  6108 | Spider:4 | Noticed an emperor scorpion
  6124 | Spider:4 | Killed an emperor scorpion
  6124 | Spider:4 | Reached skill level 10 in Fighting
  6124 | Spider:4 | Reached skill level 10 in Long Blades
  6124 | Spider:4 | Reached skill level 10 in Axes
  6124 | Spider:4 | Reached skill level 10 in Maces & Flails
  6124 | Spider:4 | Reached skill level 10 in Polearms
  6124 | Spider:4 | Reached skill level 10 in Staves
  6124 | Spider:4 | Reached skill level 10 in Slings
  6124 | Spider:4 | Reached skill level 10 in Bows
  6124 | Spider:4 | Reached skill level 10 in Crossbows
  6124 | Spider:4 | Reached skill level 10 in Throwing
  6124 | Spider:4 | Reached skill level 10 in Armour
  6124 | Spider:4 | Reached skill level 10 in Shields
  6124 | Spider:4 | Reached skill level 10 in Unarmed Combat
  6124 | Spider:4 | Reached skill level 10 in Evocations
  6130 | Spider:4 | Noticed an emperor scorpion
  6135 | Spider:4 | Killed an emperor scorpion
  6155 | Spider:4 | Killed an emperor scorpion
  6155 | Spider:4 | Reached skill level 11 in Dodging
  6210 | Spider:4 | Noticed an emperor scorpion
  6219 | Spider:4 | Killed an emperor scorpion
  6219 | Spider:4 | Reached skill level 11 in Invocations
  6221 | Spider:4 | Noticed an emperor scorpion
  6222 | Spider:4 | Noticed an emperor scorpion
  6237 | Spider:4 | Killed an emperor scorpion
  6239 | Spider:4 | Killed an emperor scorpion
  6274 | Spider:4 | Got a gossamer rune of Zot
  6477 | Lair:4   | Identified the amulet "Uraul" {Inacc Dex+4} (You found it on level 4 of the Spider Nest)
  6637 | Lair:3   | Reached XP level 16. HP: 109/109 MP: 31/31
  6717 | Lair:2   | Found a staircase to the Swamp.
  6735 | Swamp:1  | Entered Level 1 of the Swamp
  7078 | Swamp:4  | Entered Level 4 of the Swamp
  7083 | Swamp:4  | Noticed Aizul
  7097 | Swamp:4  | Killed Aizul
  7145 | Swamp:3  | Learned a level 6 spell: Simulacrum
  7157 | Swamp:4  | Reached skill level 9 in Conjurations
  7157 | Swamp:4  | Reached skill level 9 in Charms
  7157 | Swamp:4  | Reached skill level 9 in Summonings
  7157 | Swamp:4  | Reached skill level 9 in Necromancy
  7157 | Swamp:4  | Reached skill level 9 in Translocations
  7157 | Swamp:4  | Reached skill level 9 in Transmutations
  7157 | Swamp:4  | Reached skill level 9 in Fire Magic
  7157 | Swamp:4  | Reached skill level 9 in Ice Magic
  7157 | Swamp:4  | Reached skill level 9 in Air Magic
  7157 | Swamp:4  | Reached skill level 9 in Earth Magic
  7157 | Swamp:4  | Reached skill level 9 in Poison Magic
  7183 | Swamp:4  | Noticed a thorn hunter
  7200 | Swamp:4  | Killed a thorn hunter
  7200 | Swamp:4  | Reached skill level 12 in Stealth
  7260 | Swamp:4  | Learned a level 4 spell: Summon Lightning Spire
  7265 | Swamp:4  | Learned a level 4 spell: Summon Ice Beast
  7306 | Swamp:4  | Reached skill level 11 in Short Blades
  7349 | Swamp:4  | Noticed a thorn hunter
  7366 | Swamp:4  | Mangled by a shambling mangrove

Skill      XL: |  1  2  3  4  5  6  7  8  9 10 11 12 13 14 15 16 |
---------------+-------------------------------------------------+-----
Spellcasting   | 5 6 7 8 9 10 11 | 11.7
Stealth        | 6 7 8 9 10 11 12 | 12.1
Invocations    | 1 2 3 4 5 6 7 8 9 10 11 | 11.6
Fighting       | 1 2 3 4 5 6 7 8 9 10 | 10.7
Long Blades    | 1 2 3 4 5 6 7 8 9 10 | 10.7
Axes           | 1 2 3 4 5 6 7 8 9 10 | 10.7
Maces & Flails | 1 2 3 4 5 6 7 8 9 10 | 10.7
Polearms       | 1 2 3 4 5 6 7 8 9 10 | 10.7
Staves         | 1 2 3 4 5 6 7 8 9 10 | 10.7
Slings         | 1 2 3 4 5 6 7 8 9 10 | 10.7
Bows           | 1 2 3 4 5 6 7 8 9 10 | 10.7
Crossbows      | 1 2 3 4 5 6 7 8 9 10 | 10.7
Throwing       | 1 2 3 4 5 6 7 8 9 10 | 10.7
Armour         | 1 2 3 4 5 6 7 8 9 10 | 10.7
Shields        | 1 2 3 4 5 6 7 8 9 10 | 10.7
Unarmed Combat | 1 2 3 4 5 6 7 8 9 10 | 10.7
Conjurations   | 1 2 3 4 5 6 7 8 9 |  9.1
Charms         | 1 2 3 4 5 6 7 8 9 |  9.1
Summonings     | 1 2 3 4 5 6 7 8 9 |  9.1
Necromancy     | 1 2 3 4 5 6 7 8 9 |  9.1
Translocations | 1 2 3 4 5 6 7 8 9 |  9.1
Transmutations | 1 2 3 4 5 6 7 8 9 |  9.1
Fire Magic     | 1 2 3 4 5 6 7 8 9 |  9.1
Ice Magic      | 1 2 3 4 5 6 7 8 9 |  9.1
Air Magic      | 1 2 3 4 5 6 7 8 9 |  9.1
Earth Magic    | 1 2 3 4 5 6 7 8 9 |  9.1
Poison Magic   | 1 2 3 4 5 6 7 8 9 |  9.1
Evocations     | 1 2 3 4 5 6 7 8 9 10 | 10.7
Short Blades   | 3 4 5 6 7 8 9 10 11 | 11.0
Dodging        | 5 6 7 8 9 10 11 | 11.5
Hexes          | 6 7 8 9 10 | 10.5

Action                   |  1- 3 |  4- 6 |  7- 9 | 10-12 | 13-15 | 16-18 || total
-------------------------+-------+-------+-------+-------+-------+-------++-------
Melee: Dagger            |    48 |   112 |   109 |    92 |       |       ||   361
       Bite              |     5 |     4 |    16 |    21 |    90 |    15 ||   151
       Morningstar       |       |       |    41 |       |    12 |       ||    53
       Punch             |       |       |     1 |     7 |       |       ||     8
       Short sword       |       |       |       |   140 |   415 |   124 ||   679
       Scimitar          |       |       |       |     3 |       |       ||     3
Throw: Tomahawk          |       |       |     1 |    28 |    21 |     2 ||    52
       Javelin           |       |       |       |     1 |       |       ||     1
 Cast: Corona            |     7 |    11 |     3 |     4 |     1 |     1 ||    27
       Ensorcelled Hiber |     8 |    23 |    48 |   108 |   146 |    32 ||   365
       Confuse           |     1 |     4 |    24 |    12 |     7 |    13 ||    61
       Dazzling Spray    |       |       |     4 |    22 |    23 |     1 ||    50
       Simulacrum        |       |       |       |       |       |     6 ||     6
Invok: Slouch            |       |       |       |     4 |    24 |     9 ||    37
Evoke: Wand              |       |       |     6 |    49 |     4 |    14 ||    73
  Use: Scroll            |       |     4 |     6 |    14 |     7 |     4 ||    35
       Potion            |       |       |     1 |     7 |     5 |     2 ||    15
 Stab: Sleeping          |    12 |    17 |    34 |    66 |    94 |    17 ||   240
       Confused          |     3 |     4 |    11 |     6 |     1 |     4 ||    29
       Distracted        |       |     1 |       |       |       |     1 ||     2
       Paralysed         |       |       |     5 |     6 |     3 |       ||    14
       Invisible         |       |       |       |    16 |    11 |     6 ||    33
       Betrayed ally     |       |       |       |     1 |       |       ||     1
       Held in net/web   |       |       |       |       |     1 |       ||     1
  Eat: Chunk             |       |     1 |     4 |     5 |     4 |     1 ||    15
       Ration            |       |       |       |       |     1 |     1 ||     2
Armor: Robe              |     1 |    13 |    34 |    41 |       |       ||    89
       Troll leather arm |       |       |       |    12 |   130 |    34 ||   176
Dodge: Dodged            |    23 |    66 |   116 |   274 |   612 |   174 ||  1265
Block: Other             |       |       |     5 |    28 |       |       ||    33
       Reflection        |       |       |     1 |     2 |       |       ||     3
       Buckler           |       |       |       |    45 |   306 |    47 ||   398
       Rpst.: Scimitar   |       |       |       |     2 |       |       ||     2

Table legend:
 A = Turns spent in this place as a percentage of turns spent in the entire game.
 B = Non-inter-level travel turns spent in this place as a percentage of non-inter-level travel turns spent in the entire game.
 C = Inter-level travel turns spent in this place as a percentage of turns spent in this place.
 D = Turns resting spent in this place as a percentage of non-inter-level travel turns spent in this place.
 E = Turns spent auto-exploring this place as a percentage of non-inter-level travel turns spent in this place.
 F = Non-inter-level travel turns spent in this place divided by the number of levels of this place that you've seen.
                   A       B       C       D       E      F
               +-------+-------+-------+-------+-------+----------------------
         Total | 100.0 | 100.0 |   0.9 |   0.0 |   0.0 | 260.7
       Dungeon |  39.7 |  40.1 |   0.0 |   0.0 |   0.0 | 292.6
        Temple |   1.1 |   0.9 |  20.5 |   0.0 |   0.0 |  66.0
          Lair |  16.4 |  16.5 |   0.0 |   0.0 |   0.0 | 241.2
         Swamp |   8.6 |   8.6 |   0.0 |   0.0 |   0.0 | 157.8
   Spider Nest |  20.8 |  20.8 |   1.0 |   0.0 |   0.0 | 379.0
  Orcish Mines |  11.3 |  11.0 |   3.9 |   0.0 |   0.0 | 401.5
   Elven Halls |   0.0 |   0.0 |   0.0 |   0.0 |   0.0 |   3.0
       Ossuary |   2.0 |   2.0 |   0.0 |   0.0 |   0.0 | 149.0
               +-------+-------+-------+-------+-------+----------------------

Table legend:
 A = Kills in this place as a percentage of kills in entire the game.
 B = Kills by you in this place as a percentage of kills by you in the entire game.
 C = Kills by friends in this place as a percentage of kills by friends in the entire game.
 D = Other kills in this place as a percentage of other kills in the entire game.
 E = Experience gained in this place as a percentage of experience gained in the entire game.
 F = Experience gained in this place divided by the number of levels of this place that you have seen.
                   A       B       C       D       E      F
               +-------+-------+-------+-------+-------+----------------------
         Total | 100.0 | 100.0 | 100.0 | 100.0 | 100.0 | 5671.0
       Dungeon |  24.3 |  24.1 |  11.8 |  71.4 |   7.2 | 1141.8
        Temple |   1.0 |   1.0 |   0.0 |   0.0 |   0.1 | 122.0
          Lair |  14.9 |  15.5 |   0.0 |   0.0 |  13.6 | 4324.6
         Swamp |  10.2 |   7.9 |  88.2 |  14.3 |  16.9 | 6696.5
   Spider Nest |  33.5 |  34.7 |   0.0 |  14.3 |  55.6 | 22081.8
  Orcish Mines |  13.2 |  13.7 |   0.0 |   0.0 |   6.5 | 5131.5
       Ossuary |   3.0 |   3.1 |   0.0 |   0.0 |   0.2 | 249.0
               +-------+-------+-------+-------+-------+----------------------

Vault maps used:
D:1:      evilmike_arrival_plus
D:2:      nicolae_overflow_hidden_temple, lemuel_doored_altar
D:4:      tgw_trog, first_ration, serial_shops, nicolae_shop_window_shopping,
          nicolae_shop_waterfront, nicolae_shop_window_shopping,
          kennysheep_mini_moat, uniq_robin, uniq_ijyb, uniq_eustachio,
          uniq_crazy_yiuf_cottage
D:5:      overflow_temple_1_default, gammafunk_temple_overflow_wave,
          nicolae_ru_awakened_eye, uniq_duvessa
D:6:      minmay_temple_entry_junction_2, enter_ossuary_4,
          mumra_transporter_accident, serial_bayou_pond_e
D:7:      nicolae_qazlal_eye_of_the_storm, grunt_dithmenos_smoke_and_mirrors,
          tso_metal_star, chequers_temple_overflow_minitemple, enter_bailey_2,
          glass_columns_c
D:8:      nicolae_overflow_crystal_walls, grunt_ogre_cave,
          hangedman_abyss_or_decor_lesser_grid, uniq_joseph
D:9:      minmay_lair_entry_lava, david_orc_2, uniq_psyche, uniq_erica,
          uniq_erolcha, uniq_pikel
D:10:     corexii_hall_statues_i, uniq_snorg
Temple:   jpeg_temple_island
Lair:2:   minmay_swamp_entry_wisps, minivault_23, st_stairs_10,
          grunt_megastairs_2
Lair:3:   nicolae_lair_grove_arrangements, grunt_forest_stairs_basic
Lair:4:   spider_nest_entry_web_field, serial_bayou_shore_b
Lair:5:   nicolae_slime_entry_slimehenge
Swamp:1:  evilmike_swamp_ruin_house_2
Swamp:2:  serial_swamp_ruin, evilmike_swamp_ruin_house_5,
          evilmike_swamp_ruin_house_4
Swamp:3:  evilmike_swamp_ruin_rubble_2, uniq_nikola
Swamp:4:  swamp_basic_johnstein, swamp_pool1, uniq_aizul
Spider:3: uniq_agnes
Spider:4: grunt_spider_rune_circles, uniq_arachne, uniq_asterion
Orc:1:    cheibrodos_orc_guarddog
Orc:2:    st_orc_mages, serial_shops, nicolae_shop_stone
Elf:1:    eino_elf_arrival_shootout, david_greed
Ossuary:  ossuary_due_mausoleum
